 Dungeon Crawl Stone Soup version 0.30-a0-696-g2367cd04db (webtiles) character file.

Game seed: 5407904323972114350

40 Newt the Sneak (level 3, -5/27 HPs)
             Began as a Demonspawn Gladiator on Jan 20, 2023.
             Slain by a goblin
             ... wielding a +0 club
             ... led by Robin
              (6 damage)
             ... on level 2 of the Dungeon.
             The game lasted 00:01:04 (700 turns).

Newt the Sneak (Demonspawn Gladiator)                Turns: 700, Time: 00:01:05

Health: -5/27      AC:  6    Str: 16    XL:     3   Next: 30%
Magic:  3/3        EV: 12    Int:  9    God:
Gold:   21         SH:  0    Dex: 14    Spells: 2/2 levels left

rFire   . . .      SeeInvis .    j - +1 short sword (vamp)
rCold   . . .      Faith    .    (no shield)
rNeg    . . .      Spirit   .    b - +0 leather armour
rPois   .          Reflect  .    c - +0 helmet
rElec   .          Harm     .    (no cloak)
rCorr   +          Rampage  .    (no gloves)
Will    .....                    (no boots)
Stlth   ++                       (no amulet)
HPRegen 0.24/turn                i - ring of resist corrosion
MPRegen 0.08/turn                (no ring)

@: no status effects
A: molten scales 1, demonic guardian 1
a: no special abilities


You were on level 2 of the Dungeon.
You visited 1 branch of the dungeon, and saw 2 of its levels.

You collected 21 gold pieces.

Inventory:

Hand Weapons
 a - a +0 rapier
 j - a +1 vampiric short sword (weapon)
Missiles
 d - 3 throwing nets (quivered)
 e - a javelin
 g - 2 boomerangs
Armour
 b - a +0 leather armour (worn)
 c - a +0 helmet (worn)
Jewellery
 i - a ring of resist corrosion (left hand)
 l - a ring of fire
Potions
 f - 2 potions of resistance


   Skills:
 + Level 2.1 Fighting
 - Level 2.6 Short Blades
 - Level 1.7 Throwing
 - Level 2.6 Dodging
 - Level 3.0 Stealth


You had 2 spell levels left.
You didn't know any spells.
Your spell library contained the following spells:

 Spells                   Type           Power      Damage    Failure   Level
 Dazzling Flash           Conj/Hex       0%         N/A       83%         3
 Iskenderun's Mystic Bla  Conj/Tloc      0%         2d3       99%         4
 Starburst                Conj/Fire      0%         6d3       100%        6


Dungeon Overview and Level Annotations

Branches:
Dungeon (2/15)

Altars:

Shops:
D:1 (   D:2 (

Annotations:
D:2 Robin


Innate Abilities, Weirdness & Mutations

You are partially covered in molten scales. (AC +2)
A weak demonic guardian rushes to your aid.


Message History

Training target 3.0 for Stealth reached!
Your Stealth skill increases to level 3!
You need to enable at least one skill for training.
The goblin attacks as you move away! The goblin misses you.
Your quasit disappears in a puff of smoke!
Your shadow imp gestures at the goblin.
The hobgoblin writhes in agony!
The hobgoblin dies!
The goblin closely misses your shadow imp.
Your shadow imp hits the hobgoblin.
The hobgoblin hits your shadow imp!
Your shadow imp gestures at the goblin.
The hobgoblin barely resists.
The hobgoblin hits your shadow imp.
A hobgoblin comes into view.
Your shadow imp hits the hobgoblin.
The hobgoblin dies!
The goblin attacks as you move away! The goblin closely misses you.
The hobgoblin shouts!
Something misses your shadow imp. The goblin attacks as you move away!
The goblin misses you. Robin throws the goblin at you!
The goblin hits you with a +0 club.
* * * LOW HITPOINT WARNING * * *
An adder comes into view.
Found a stone staircase leading down.
The adder hisses angrily.
The goblin hits you with a +0 club.
* * * LOW HITPOINT WARNING * * *
A demonic guardian appears!
The goblin hits your white imp with a +0 club.
Something barely misses your shadow imp.
Okay, then.
You aren't carrying any scrolls.
Found a scroll of identify.
The hobgoblin closely misses you.
The goblin barely misses your white imp.
Your white imp gestures at the goblin.
The puff of frost hits the goblin.
The hobgoblin attacks as you move away! The hobgoblin misses you.
The goblin hits your white imp with a +0 club.
Your white imp barely misses the goblin.
The goblin attacks as you move away! The goblin hits you with a +0 club.
You die...

###......#.##...###.#,***,,,,,,*
#......#.###.5# *.#,* *,,,,,,*
**#......#8# #..# *.#,* *,,,,,,*
,*#......#.# #gg# *,,,* *,,,,,,*
,,#......#∩# #g.# *,,****,,,,,,*
#..#######.# #5.# *,,* *,,,,,,,*
##.,,,* #<# #..# **,***,,,,,,,*
,..**,***#.###.g## *,,,*,,,,,,,*
##,**,,*..8....g@#**,*,,,,,,,,,*
*,***,*.......S.....#**,***,,**
**,* *,*?........###....,>,**,**
,,,* *,*.........#*,,,##**,**,,*
*,,***,,.........#,,,,** *,,**,*
**,,*,,,.......>.#,*,,,****,,,,*
*,,*,**.###......,*,*,,* ******
*,,,,,,,,,...#..#**,**,**
**,,,,**,**,****,**,,,*,,***


You could see an adder, a hobgoblin, 4 goblins, a friendly white imp (summoned)
and a friendly shadow imp (summoned).

Vanquished Creatures
  A worm (D:2)
  A dart slug (D:1)
  3 ball pythons
  2 endoplasms (D:1)
  2 giant cockroaches (D:1)
  2 goblins (D:1)
  3 hobgoblins (D:1)
  4 kobolds (D:1)
  4 bats (D:1)
  A rat (D:2)
23 creatures vanquished.

Vanquished Creatures (collateral kills)
  2 goblins (D:2)
  5 hobgoblins (D:2)
  A frilled lizard (D:2)
8 creatures vanquished.

Grand Total: 31 creatures vanquished

Notes
Turn   | Place    | Note
-------+----------+-------------------------------------------
     0 | D:1      | Newt the Demonspawn Gladiator began the quest for the Orb.
     0 | D:1      | Reached XP level 1. HP: 16/16 MP: 1/1
    69 | D:1      | Reached skill level 1 in Stealth
   144 | D:1      | Gained mutation: You are partially covered in molten
                  | scales. (AC +2) [demonic ancestry]
   144 | D:1      | Reached XP level 2. HP: 22/22 MP: 2/2
   380 | D:1      | Found Gotsecse's Antique Weapon Shop.
   412 | D:1      | Reached skill level 2 in Stealth
   652 | D:2      | Gained mutation: A weak demonic guardian rushes to your
                  | aid. [demonic ancestry]
   652 | D:2      | Reached XP level 3. HP: 22/27 MP: 3/3
   667 | D:2      | Found Babriovvy's Weapon Shoppe.
   682 | D:2      | Identified the +0 helmet "Xufic" {SInv}
   682 | D:2      | Noticed Robin
   691 | D:2      | Reached skill level 3 in Stealth
   697 | D:2      | HP: 1/27 [goblin/+0 club[Robin] (5)]
   700 | D:2      | Slain by a goblin

Illustrated notes

Levels and vault maps discovered:
D:1:      minmay_arrival_arboretum_large, layout_loops_ring, serial_shops,
          nicolae_shop_waterfront, hangedman_decor_opposing
D:2:      layout_rooms, serial_shops, shop_statue, cheibrodos_gnoll_hut,
          uniq_sigmund, uniq_robin

Skill      XL: |  1  2  3 |
---------------+----------+-----
Stealth        | 1 2 3 |  3.0
Fighting       | |  2.1
Short Blades   | |  2.6
Throwing       | |  1.7
Dodging        | |  2.6

Action                   || total
-------------------------++-------
Melee: Rapier            ||    44
       Short sword       ||    30
  Use: Scroll            ||     3
 Stab: Sleeping          ||     3
Armor: Leather armour    ||    25
Dodge: Dodged            ||    44

Table legend: (Time is in decaauts)
 A = Elapsed time spent in this place.
 B = Non-inter-level travel time spent in this place.
 C = Inter-level travel time spent in this place.
 D = Time resting spent in this place.
 E = Time spent auto-exploring this place.
 F = Levels seen in this place.
 G = Mean time per level.
                   A        B        C        D        E       F      G
               +--------+--------+--------+--------+--------+-----+--------+
         Total |    698 |    687 |     11 |      0 |    504 |   2 |  349.0 |
       Dungeon |    698 |    687 |     11 |      0 |    504 |   2 |  349.0 |
               +--------+--------+--------+--------+--------+-----+--------+

Top non-repeatable levels by time:
     D:1: 626 daAuts
     D:2: 72 daAuts
